 Dungeon Sprint DCSS version 0.31-a0-960-g0fca184906 (webtiles) character file.

Game seed: 17209884355275325527

20605 fingers the Severer (level 13, -2/115 HPs)
             Began as a Formicid Fighter on Oct 23, 2023.
             Was the Champion of Wu Jian.
             Killed from afar by a hell hog (20 damage)
             ... with a fireball
             ... in the Dungeon (Sprint V: "Ziggurat Sprint").
             The game lasted 00:03:40 (1022 turns).

fingers the Severer (Formicid Fighter)              Turns: 1022, Time: 00:03:40

Health: -2/115     AC: 30    Str: 36    XL:     13   Next: 13%
Magic:  13/13      EV:  4    Int: 10    God:    Wu Jian [******]
Gold:   0          SH: 33    Dex: 13    Spells: 12/12 levels left

rFire   + . .        A - +5 executioner's axe (flame)
rCold   + . .        z - +18 shield of the Gong {Loud rN+ Will+ rCorr EV-5}
rNeg    + . .        y - +15 Maxwell's patent armour {-Cast -Tele rElec Will+ rCorr}
rPois   +            (helmet unavailable)
rElec   +            (no cloak)
rCorr   +            (no gloves)
SInv    +            (no boots)
Will    +++..        (no amulet) Stlth
                     w - +6 ring of strength
HPRegen 0.39/turn    x - +6 ring of strength
MPRegen 0.13/turn

%: no spellcasting
@: resistant
A: permanent stasis, dig shafts and tunnels, antennae 3, four strong arms
a: Dig, Renounce Religion, Wall Jump, Serpent's Lash, Heavenly Storm


You were in the Dungeon.
You worshipped Wu Jian.
Wu Jian was exalted by your worship.
You visited 1 branch

Inventory:

Hand Weapons
 a - a +0 war axe
 A - a +5 executioner's axe of flaming (weapon)
 B - a +5 battleaxe
Armour
 b - a +0 scale mail
 c - a +0 buckler
 y - the +15 Maxwell's patent armour (worn) {-Cast -Tele rElec Will+ rCorr}
   (You found it in the Dungeon)

   rElec:     It insulates you from electricity.
   Will+:     It increases your willpower.
   -Cast:     It prevents spellcasting.
   -Tele:     It prevents most forms of teleportation.
   rCorr:     It protects you from acid and corrosion.
 z - the +18 shield of the Gong (worn) {Loud rN+ Will+ rCorr EV-5}
   (You found it in the Dungeon)

   Loud:      It is deafeningly noisy when blocking attacks.
   EV-5:      It affects your evasion (-5).
   rN+:       It protects you from negative energy.
   Will+:     It increases your willpower.
   rCorr:     It protects you from acid and corrosion.
Jewellery
 k - a ring of resist corrosion
 r - a ring of flight
 s - a +6 ring of dexterity
 t - a +6 ring of dexterity
 u - a +6 ring of intelligence
 v - a +6 ring of intelligence
 w - a +6 ring of strength (left hand)
 x - a +6 ring of strength (right hand)
 C - a +6 ring of dexterity
 F - the ring of Oqoehetunt {*Corrode rN+ Dex+4}
   (You found it in the Dungeon)

   [ring of positive energy]

   Dex+4:     It affects your dexterity (+4).
   rN+:       It protects you from negative energy.
   *Corrode:  It may corrode you when you take damage.
 G - the ring "Bijiniot" {rC+ SInv}
   (You found it in the Dungeon)

   [ring of see invisible]

   rC+:       It protects you from cold.
   SInv:      It lets you see invisible.
 H - a +6 ring of intelligence
 I - a ring of magical power
 K - an amulet of guardian spirit
 L - a ring of poison resistance
Wands
 p - a wand of mindburst (11)
 q - a wand of quicksilver (12)
 D - a wand of roots (5)
 E - a wand of flame (31)
 J - a wand of paralysis (9)
Scrolls
 l - 4 scrolls of amnesia
 m - 7 scrolls of fog
 n - 5 scrolls of identify
 o - 2 scrolls of fear
Potions
 d - 6 potions of might
 e - 10 potions of curing
 f - a potion of heal wounds
 g - 7 potions of magic
 h - 2 potions of brilliance
 i - 2 potions of invisibility
 j - 3 potions of resistance


   Skills:
 + Level 15.0 Fighting
 + Level 19.9 Axes
 + Level 12.3 Armour
 + Level 2.7 Dodging
 + Level 19.3 Shields
 + Level 1.5 Evocations


You had 12 spell levels left.
You didn't know any spells.
Your spell library contained the following spells:

 Spells                   Type           Power      Damage    Failure   Level
 Apportation              Tloc           0%         N/A       91%         1
 Foxfire                  Conj/Fire      0%         2x1d4     91%         1
 Magic Dart               Conj           0%         1d3       91%         1
 Call Imp                 Summ           0%         N/A       97%         2
 Ensorcelled Hibernation  Hex/Ice        0%         N/A       97%         2
 Lesser Beckoning         Tloc           0%         N/A       97%         2
 Wereblood                Tmut           0%         N/A       97%         2
 Frozen Ramparts          Ice            0%         1d1       99%         3
 Mephitic Cloud           Conj/Pois/Air  0%         N/A       99%         3
 Stone Arrow              Conj/Erth      0%         3d7       99%         3
 Summon Guardian Golem    Hex/Summ       0%         N/A       99%         3
 Tukima's Dance           Hex            0%         N/A       99%         3
 Anguish                  Hex/Necr       0%         N/A       100%        4
 Animate Dead             Necr           0%         N/A       100%        4
 Brom's Barrelling Bould  Conj/Erth      0%         2d3       100%        4
 Manifold Assault         Tloc           0%         N/A       100%        4
 Petrify                  Tmut/Erth      0%         N/A       100%        4
 Borgnjor's Vile Clutch   Necr/Erth      0%         N/A       100%        5
 Irradiate                Conj/Tmut      0%         3d11      100%        5
 Metabolic Englaciation   Hex/Ice        0%         N/A       100%        5
 Summon Mana Viper        Hex/Summ       0%         N/A       100%        5
 Death Channel            Necr           0%         N/A       100%        6
 Dispersal                Tloc           0%         N/A       100%        6
 Enfeeble                 Hex            0%         N/A       100%        7
 Malign Gateway           Summ/Tloc      0%         N/A       100%        7
 Orb of Destruction       Conj           0%         9d5       100%        7
 Spellforged Servitor     Conj/Summ      0%         N/A       100%        7
 Discord                  Hex            0%         N/A       100%        8
 Disjunction              Tloc           0%         N/A       100%        8
 Blink                    Tloc           Unusable   N/A       N/A         2
 Vhi's Electric Charge    Tloc/Air       Unusable   N/A       N/A         4

Dungeon Overview and Level Annotations

Branches:
Dungeon (1/1)

Altars:
Ashenzari
Cheibriados
Dithmenos
Elyvilon
Fedhas
Gozag
Hepliaklqana
Kikubaaqudgha
Makhleb
Nemelex Xobeh
Okawaru
Qazlal
Ru
Sif Muna
Trog
Uskayaw
Vehumet
Wu Jian
Xom
Yredelemnul
Zin
The Shining One
Jiyva
Lugonu


Innate Abilities, Weirdness & Mutations

You cannot be hasted, slowed, berserked, paralysed or teleported.
You can dig through walls and to a lower floor.
You have a pair of large antennae on your head. (SInv)
Your four strong arms can wield two-handed weapons with a shield.


Message History

You closely miss the hell hog. You block the hell hog's attack.
PANG!
The hell hog bites you but does no damage.
The efreet gestures at you.
The bolt of fire hits the fire dragon.
The fire dragon resists.
The bolt of fire misses the hell hog.
The bolt of fire hits you but does no damage.
The efreet gestures at you.
The bolt of fire hits the efreet.
The efreet completely resists.
The bolt of fire hits the fire dragon.
The fire dragon resists.
The bolt of fire hits the hell hog.
The hell hog completely resists.
The bolt of fire misses you. You block the hell hog's attack.
PANG!
The hell hog bites you but does no damage.
You carve the hell hog like the proverbial ham!!!
You kill the hell hog!
The Council accepts your kill.
You slice the hell hog!! You barely miss the hell hog.
You open the hell hound like a pillowcase!!!
You kill the hell hound!
The Council accepts your kill. The hell hog breathes fire at you.
The fireball explodes!
The fireball engulfs you but does no damage.
The fireball engulfs the hell hog.
The hell hog completely resists.
The fireball engulfs the hell hog.
The hell hog completely resists.
The efreet gestures at you.
The bolt of fire hits the fire dragon.
The fire dragon resists.
The bolt of fire hits you! You resist. The fire dragon breathes flames at you.
The blast of flame hits you! You resist.
* * * LOW HITPOINT WARNING * * *
The efreet gestures at you.
The bolt of fire hits the efreet.
The efreet completely resists.
The bolt of fire hits the fire dragon.
The fire dragon resists.
The bolt of fire hits you! You resist.
* * * LOW HITPOINT WARNING * * *
The hell hog breathes fire at you.
The fireball explodes!
The fireball engulfs you!! You resist.
You die...

▓...8©8...▓.
▓..|||))=.▓...|..)..▓.
▓..["//|..▓....)....▓.
▓....°....▓.........▓.
▓....R°...▓.........▓.
▓....R....▓....)÷...▓.
▓....D°...▓.....÷...▓.
▓v.▓hD†▓..▓.........▓.
▓...h@....▓.▓.....▓.▓.
▓....©....▓....©....▓▓
▓▓▓▓▓▓▓▓▓▓▓▓▓▓▓▓▓▓▓▓▓


{{{{{{{{ { {{{{{{{{{{ {{{{{{{{{{ {{{{{{{{{{ {{{{{{{{{{ {{{{{{{{{{ {{{{{ You
could see 2 fire dragons, 2 hell hogs, 2 efreet and a fire vortex.

Vanquished Creatures
  A lich (D)
  A mummy priest (D)
  2 hydras (D)
  A death yak (D)
  A hell hog (D)
  A spriggan berserker (D)
  4 draconians (D)
  A cyclops (D)
  3 toenail golems (D)
  2 cane toads (D)
  A rime drake (D)
  3 komodo dragons (D)
  2 guardian mummies (D)
  An ancient zyme (D)
  3 merfolk (D)
  A hornet (D)
  2 blink frogs (D)
  9 spriggans (D)
  A ynoxinul (D)
  A fire elemental (D)
  An ushabti (D)
  2 hell hounds (D)
  3 black bears (D)
  4 wolves (D)
  2 centaurs (D)
  3 bullfrogs (D)
  A crimson imp (D)
  2 quasits (D)
  3 iron imps (D)
  An iguana (D)
  A small abomination (D)
  3 mummies (D)
  A shadow imp (D)
  An ufetubus (D)
69 creatures vanquished.

Notes
Turn   | Place    | Note
-------+----------+-------------------------------------------
     0 | D        | fingers the Formicid Fighter began the quest for the Orb.
     0 | D        | Reached XP level 1. HP: 18/18 MP: 1/1
     0 | D        | Found a shimmering blue altar of Sif Muna.
     0 | D        | Found a bloodstained altar of Trog.
     0 | D        | Found a sacrificial altar of Ru.
     0 | D        | Found a stormy altar of Qazlal.
     0 | D        | Found an iron altar of Okawaru.
     1 | D        | Found a sparkling altar of Nemelex Xobeh.
     1 | D        | Found a blossoming altar of Fedhas.
     1 | D        | Found the +6 Majin-Bo {spellvamp, MP+6 Int+6}
     1 | D        | Found the +27 heavy crossbow "Sniper" {heavy, Acc+∞ SInv}
     1 | D        | Found the +10 dark maul {heavy}
     1 | D        | Found the +15 Maxwell's patent armour {-Cast -Tele rElec
                  | Will+ rCorr}
     1 | D        | Found the +18 shield of the Gong {Loud rN+ Will+ rCorr
                  | EV-5}
     1 | D        | Found the +16 obsidian axe {drain, demonic, Mesm Drain Fly
                  | SInv}
     1 | D        | Found the +7 great mace "Firestarter" {flame, immolate,
                  | rFlCloud rF++}
     1 | D        | Found the +6 shillelagh "Devastator" {shatter}
     1 | D        | Found the +11 plutonium sword {Contam Stlth-}
     1 | D        | Found the +8 lance "Wyrmbane" {slay drac, rPois rF+ rC+
                  | AC+3}
     1 | D        | Found the +9 sword of Zonguldrok {reap}
     1 | D        | Found the +13 scythe of Curses {drain, curses, Drain}
     1 | D        | Found the +9 sword of Power {lifebolt}
     1 | D        | Found the +7 mace of Variability {chaos, chaos arc}
     1 | D        | Found the +11 Singing Sword {sonic wave}
     1 | D        | Found the +8 storm bow {elec, penet}
     3 | D        | Found a transporter.
     3 | D        | Found an ancient bone altar of Kikubaaqudgha.
     3 | D        | Found a viscous altar of Jiyva.
     3 | D        | Found a corrupted altar of Lugonu.
     3 | D        | Found a hazy altar of Hepliaklqana.
     3 | D        | Found a burning altar of Makhleb.
     3 | D        | Found an opulent altar of Gozag.
    81 | D        | Became a worshipper of the Wu Jian Council
    98 | D        | Entered arena 2.
    98 | D        | Noticed an iron imp
    98 | D        | Noticed an ancient zyme
    98 | D        | Found a transporter.
    99 | D        | Killed an iron imp
   100 | D        | Reached skill level 5 in Shields
   100 | D        | Reached XP level 2. HP: 26/26 MP: 2/2
   100 | D        | Reached XP level 3. HP: 31/31 MP: 3/3
   105 | D        | Killed an ancient zyme
   105 | D        | Reached * piety under Wu Jian
   106 | D        | Reached skill level 5 in Axes
   106 | D        | Reached XP level 4. HP: 43/43 MP: 4/4
   106 | D        | Reached XP level 5. HP: 48/48 MP: 5/5
   106 | D        | Reached XP level 6. HP: 55/55 MP: 6/6
   114 | D        | Entered arena 3.
   114 | D        | Noticed a toenail golem
   114 | D        | Noticed a toenail golem
   114 | D        | Noticed a toenail golem
   114 | D        | Found a transporter.
   122 | D        | Killed a toenail golem
   123 | D        | Reached XP level 7. HP: 41/64 MP: 7/7
   127 | D        | Killed a toenail golem
   128 | D        | Reached XP level 8. HP: 46/72 MP: 8/8
   130 | D        | Killed a toenail golem
   130 | D        | Reached ** piety under Wu Jian
   131 | D        | Reached skill level 10 in Fighting
   131 | D        | Reached skill level 10 in Axes
   311 | D        | Entered arena 4.
   311 | D        | Noticed a draconian
   311 | D        | Noticed a draconian
   311 | D        | Noticed a draconian
   311 | D        | Noticed a draconian
   311 | D        | Found a transporter.
   320 | D        | Killed a draconian
   320 | D        | Killed a draconian
   321 | D        | Reached skill level 1 in Evocations
   321 | D        | Reached XP level 9. HP: 61/81 MP: 9/9
   324 | D        | Killed a draconian
   325 | D        | Reached skill level 10 in Armour
   325 | D        | Killed a draconian
   325 | D        | Reached *** piety under Wu Jian
   326 | D        | Reached skill level 15 in Shields
   326 | D        | Reached XP level 10. HP: 68/88 MP: 10/10
   390 | D        | Entered arena 5.
   390 | D        | Found a transporter.
   396 | D        | Reached **** piety under Wu Jian
   403 | D        | Entered arena 6.
   403 | D        | Found a transporter.
   408 | D        | Reached ***** piety under Wu Jian
   420 | D        | Entered arena 7.
   420 | D        | Noticed a cyclops
   421 | D        | Found a transporter.
   430 | D        | Killed a cyclops
   431 | D        | Reached skill level 15 in Axes
   436 | D        | Got the ring of Oqoehetunt {*Corrode rN+ Dex+4}
   438 | D        | Got the ring "Bijiniot" {rC+ SInv}
   449 | D        | Entered arena 8.
   449 | D        | Noticed a komodo dragon
   450 | D        | Found a transporter.
   455 | D        | Killed a komodo dragon
   455 | D        | Reached ****** piety under Wu Jian
   474 | D        | Got the Atlas of Enchantment
   484 | D        | Entered arena 9.
   484 | D        | Noticed a spriggan rider
   485 | D        | Found a transporter.
   491 | D        | Reached XP level 11. HP: 93/97 MP: 11/11
   500 | D        | Reached skill level 1 in Dodging
   521 | D        | Entered arena 10.
   521 | D        | Noticed a lich
   521 | D        | Noticed a mummy priest
   522 | D        | Noticed a flayed ghost
   522 | D        | Found a transporter.
   522 | D        | Noticed a phantasmal warrior
   532 | D        | Killed a lich
   534 | D        | Noticed a shadow wraith
   537 | D        | Killed a mummy priest
   714 | D        | Reached XP level 12. HP: 106/106 MP: 12/12
   719 | D        | Entered arena 11.
   720 | D        | Found a transporter.
   751 | D        | Got Gauwup's Elucidation of Shifting
   767 | D        | Entered arena 12.
   767 | D        | Noticed a spriggan berserker
   767 | D        | Noticed a five-headed hydra
   767 | D        | Noticed a death yak
   768 | D        | Noticed a seven-headed hydra
   769 | D        | Found a transporter.
   776 | D        | Killed a spriggan berserker
   776 | D        | Killed a death yak
   780 | D        | Killed a ten-headed hydra
   781 | D        | Reached XP level 13. HP: 24/114 MP: 13/13
   786 | D        | Killed a 15-headed hydra
   986 | D        | Got the Grimoire of Injurious Locality
   991 | D        | Got Sif Muna's Codex of Anathema
  1015 | D        | Entered arena 13.
  1015 | D        | Noticed a fire dragon
  1015 | D        | Noticed a fire dragon
  1020 | D        | Reached skill level 15 in Fighting
  1022 | D        | Killed from afar by a hell hog

Illustrated notes

Levels and vault maps discovered:
D:        sprint_v [room_start, room_1, room_2, room_3, room_4, room_5, room_6,
          room_7, room_8, room_9, room_10, room_11, room_12, room_13, room_14,
          room_15, room_16, room_17, room_18, room_19, room_20, room_21,
          room_22, room_23, room_24, room_25, room_26, room_27]

Skill      XL: |  1  2  3  4  5  6  7  8  9 10 11 12 13 |
---------------+----------------------------------------+-----
Fighting       | 4 7 9 11 12 13 14 15 | 15.0
Armour         | 4 7 8 9 10 11 12 | 12.3
Shields        | 5 9 11 12 14 15 16 17 19 | 19.3
Axes           | 5 8 9 12 13 16 18 19 | 19.9
Evocations     | 1 |  1.5
Dodging        | 2 |  2.7

Action                     |  1- 3 |  4- 6 |  7- 9 | 10-12 | 13-15 || total
---------------------------+-------+-------+-------+-------+-------++-------
  Melee: Battleaxe         |     6 |     6 |    20 |    22 |       ||    54
         Executioner's axe |       |       |       |    57 |    10 ||    67
 Invoke: Heavenly Storm    |       |       |       |     3 |       ||     3
         Serpent's Lash    |       |       |       |     3 |       ||     3
Ability: Lunge             |     1 |       |     1 |     5 |       ||     7
         Whirlwind         |       |       |     2 |    16 |     1 ||    19
  Evoke: Wand              |       |       |     2 |       |       ||     2
    Use: Potion            |     1 |       |       |     7 |     3 ||    11
         Scroll            |       |       |       |     1 |     1 ||     2
 Armour: Plate armour      |     8 |    11 |    14 |   139 |    49 ||   221
  Dodge: Dodged            |       |     1 |     1 |    32 |    12 ||    46
  Block: Kite shield       |    10 |    15 |    31 |   172 |    29 ||   257

Table legend: (Time is in decaauts)
 A = Elapsed time spent in this place.
 B = Non-inter-level travel time spent in this place.
 C = Inter-level travel time spent in this place.
 D = Time resting spent in this place.
 E = Time spent auto-exploring this place.
 F = Levels seen in this place.
 G = Mean time per level.
                   A        B        C        D        E       F      G
               +--------+--------+--------+--------+--------+-----+--------+
         Total |   1034 |   1034 |      0 |      0 |    621 |   1 | 1034.0 |
       Dungeon |   1034 |   1034 |      0 |      0 |    621 |   1 | 1034.0 |
               +--------+--------+--------+--------+--------+-----+--------+

Top non-repeatable levels by time:
       D: 1034 daAuts
